 Dungeon Crawl Stone Soup version 0.30.0-2-g1aa4bd4387 (webtiles) character file.

Game seed: 13839272298747807034

1593 Jarnaxa the Slasher (level 8, 0/68 (69) HPs)
             Began as a Minotaur Fighter on May 7, 2023.
             Was a Priest of Fedhas.
             Succumbed to a gnoll's poison
             ... on level 5 of the Dungeon.
             The game lasted 00:17:44 (5314 turns).

Jarnaxa the Slasher (Minotaur Fighter)              Turns: 5314, Time: 00:17:45

HP:   0/68 (69)     AC: 13    Str: 23    XL:     8   Next: 61%
MP:   2/10          EV: 10    Int:  5    God:    Fedhas [***...]
Gold: 386           SH:  5    Dex: 10    Spells: 7/7 levels left

rFire   . . .        a - +0 long sword
rCold   . . .        c - +0 buckler
rNeg    . . .        b - +0 scale mail
rPois   .            (helmet restricted)
rElec   .            (no cloak)
rCorr   .            (no gloves)
SInv    .            i - +0 pair of boots
Will    .....        (no amulet) Stlth
                     s - +4 ring of protection
HPRegen 0.31/turn    (no ring)
MPRegen 0.12/turn

%: no passive effects
@: mighty, lethally poisoned (0 -> -23), hasted, lightly drained, very quick
A: horns 2, retaliatory headbutt
a: Renounce Religion, Wall of Briars, Grow Ballistomycete


You were on level 5 of the Dungeon.
You worshipped Fedhas.
Fedhas was most pleased with you.
You visited 1 branch of the dungeon, and saw 5 of its levels.
You also visited: Sewer.

You collected 386 gold pieces.

Inventory:

Hand Weapons
 a - a +0 long sword (weapon)
Armour
 b - a +0 scale mail (worn)
 c - a +0 buckler (worn)
 i - a +0 pair of boots (worn)
Jewellery
 f - a ring of wizardry
 s - a +4 ring of protection (left hand)
Wands
 d - a wand of iceblast (9)
 u - a wand of flame (14)
Scrolls
 e - 6 scrolls of identify
 m - 2 scrolls of teleportation
 o - 2 scrolls of blinking {unknown}
 p - 2 scrolls of poison {unknown}
 q - a scroll of magic mapping {unknown}
 t - a scroll of vulnerability {unknown}
 v - a scroll of immolation {unknown}
Potions
 g - 2 potions of invisibility
 j - a potion of brilliance
 l - 5 potions of flight
 n - 2 potions of curing {unknown}


   Skills:
 + Level 5.6 Fighting
 + Level 7.7 Long Blades
 + Level 6.6 Armour
 + Level 3.0 Dodging
 + Level 1.6 Stealth
 + Level 5.0 Shields
 * Level 4.6 Invocations


You had 7 spell levels left.
You didn't know any spells.
Your spell library was empty.

Dungeon Overview and Level Annotations

Branches:
Dungeon (5/15)              Sewer (visited)
 Temple: D:4-7

Altars:
Fedhas
Okawaru
Xom

Shops:
D:4 [

Annotations:
D:5 1 transporter, shayaa's ghost, amateur BaFi


Innate Abilities, Weirdness & Mutations

You have a pair of horns on your head.
You reflexively headbutt those who attack you in melee.


Message History

The gnoll sergeant is heavily wounded.
You feel very sick.
The gnoll sergeant hits you from afar with a +2 spear of venom.
* * * LOW HITPOINT WARNING * * *
You are lethally poisoned!
The gnoll throws a poisoned dart.
The poisoned dart closely misses you.
The gnoll sergeant blocks the poisoned dart.
The gnoll sergeant completely misses you.
You feel much better.
You feel extremely sick. The gnoll sergeant closely misses you.
The gnoll throws a poisoned dart.
The poisoned dart hits you!
You are more poisoned.
The gnoll sergeant hits you but does no damage.
The gnoll sergeant hits you from afar with the +7 trident of Athritir {chaos, rC++ rN++ Will-}.
You feel drained.
You feel yourself speed up.
You feel extremely sick.
The gnoll shouts!
The gnoll sergeant hits you from afar with a +2 spear of venom.
The gnoll sergeant hits you from afar with the +7 trident of Athritir {chaos, rC++ rN++ Will-}!
* * * LOW HITPOINT WARNING * * *
The gnoll sergeant blocks your attack.
The gnoll sergeant is heavily wounded.
* * * LOW HITPOINT WARNING * * *
You feel very sick. You block the gnoll sergeant's attack.
The gnoll hits you with a +0 flail.
* * * LOW HITPOINT WARNING * * *
The gnoll hits you but does no damage.
The gnoll sergeant hits you from afar with the +7 trident of Athritir {chaos, rC++ rN++ Will-}!
* * * LOW HITPOINT WARNING * * *
You blink.
Aiming: Overgrow
Press: ? - help, Dir - move target The translucent stone wall is torn apart as a burning bush grows in its place.
The open translucent door is torn apart as a burning bush grows in its place.
The translucent stone wall is torn apart as a burning bush grows in its place.
You can no longer transform dungeon walls and trees into plant allies.
You die...
Fedhas appreciates your contribution to the ecosystem.

..........................#
≈≈≈≈≈≈≈≈≈≈...≈≈≈≈≈≈≈≈≈≈≈..#
≈≈≈≈≈≈≈≈≈≈...≈≈≈≈≈≈≈≈≈≈≈..#
≈#####.....(.....#####≈≈..#
≈#.#.#.###.©.###.#.#.#≈≈..#
≈#...###g#####.###...#≈≈..#
≈###......gg.......###≈≈..#
≈.8#.######g##PPP#.#8.≈≈..#
≈.##.#.. #8..#Wg@#.##.≈≈..#
~.#gg'W #g§.g...'..#.~~..#
≈.##.# #8g.#...#.##.≈≈..#
≈.8#.######g###'##.#8.≈≈..#
≈###..g............###≈≈..#
≈#...###g#####©###...#≈≈..#
≈#.#.#.###.©.###.#g#g#≈≈..#
≈#####...........#####≈≈..#
≈≈≈≈≈≈≈≈≈≈≈~≈≈≈≈≈≈≈≈≈≈≈≈..#


You could see 2 gnoll sergeants, shayaa's ghost, 3 gnolls and 3 friendly burning
bushes.

Vanquished Creatures
  Prince Ribbit (D:5)
  Sigmund (D:5)
  Duvessa (D:5)
  A black bear (D:4)
  3 ogres (D:5)
  A phantom (D:5)
  A scorpion (D:5)
  Dowan (D:5)
  2 hounds (D:5)
  2 jellies
  3 iguanas
  2 orc wizards
  A sickly merfolk siren (Sewer)
  A malarious merfolk avatar (Sewer)
  4 gnolls (D:3)
  14 adders
  7 river rats
  A white imp (D:5)
  An ufetubus (D:5)
  4 worms
  4 dart slugs
  8 orcs
  A bat (D:2)
  6 endoplasms
  2 giant cockroaches (Sewer)
  6 goblins
  5 hobgoblins (D:1)
  A quokka (D:2)
  14 ball pythons
  6 frilled lizards
  6 kobolds
  28 rats
139 creatures vanquished.

Vanquished Creatures (collateral kills)
  4 ballistomycete spores (D:5)
4 creatures vanquished.

Vanquished Creatures (others)
  A scorpion (D:5)
  6 plants (D:5)
7 creatures vanquished.

Grand Total: 150 creatures vanquished

Notes
Turn   | Place    | Note
-------+----------+-------------------------------------------
     0 | D:1      | Jarnaxa the Minotaur Fighter began the quest for the Orb.
     0 | D:1      | Reached XP level 1. HP: 19/19 MP: 0/0
   133 | D:1      | Reached XP level 2. HP: 27/27 MP: 1/1
   905 | D:1      | Found a faded altar of an unknown god.
   915 | D:1      | Prayed at the altar of an unknown god.
   915 | D:1      | Became a worshipper of Fedhas Madash
   915 | D:1      | Reached * piety under Fedhas
  1035 | D:2      | Reached skill level 3 in Long Blades
  1086 | D:2      | Reached XP level 3. HP: 31/33 MP: 2/2
  1289 | D:2      | Reached XP level 4. HP: 4/41 MP: 3/3
  1291 | D:2      | HP: 2/41 [orc/+0 mace (3)]
  1703 | D:2      | Reached skill level 1 in Invocations
  1877 | D:2      | Reached skill level 4 in Long Blades
  2043 | D:3      | Reached XP level 5. HP: 37/47 MP: 4/4
  2047 | D:3      | Reached ** piety under Fedhas
  2253 | D:3      | Found an iron altar of Okawaru.
  2319 | D:3      | Reached skill level 1 in Dodging
  2441 | D:3      | Found a glowing drain.
  2450 | Sewer    | Entered a sewer
  2546 | Sewer    | Reached XP level 6. HP: 53/53 MP: 6/6
  2622 | Sewer    | Reached *** piety under Fedhas
  2806 | Sewer    | Reached skill level 5 in Long Blades
  2821 | Sewer    | Reached skill level 5 in Armour
  3537 | D:4      | Found Nabu's Dragon-Slaying Spoils.
  3952 | D:4      | Reached XP level 7. HP: 57/60 MP: 8/8
  4441 | D:5      | Entered Level 5 of the Dungeon
  4451 | D:5      | Reached skill level 5 in Fighting
  4569 | D:5      | Reached **** piety under Fedhas
  4570 | D:5      | Reached skill level 6 in Long Blades
  4767 | D:5      | Reached skill level 1 in Stealth
  4791 | D:5      | Noticed Duvessa
  4791 | D:5      | Noticed Dowan
  4792 | D:5      | Noticed Prince Ribbit
  4802 | D:5      | Killed Dowan
  4805 | D:5      | Killed Duvessa
  4806 | D:5      | Reached XP level 8. HP: 42/68 MP: 5/10
  4810 | D:5      | Killed Prince Ribbit
  4811 | D:5      | Reached skill level 7 in Long Blades
  4811 | D:5      | Reached skill level 5 in Shields
  4891 | D:5      | Found a shimmering altar of Xom.
  5000 | D:5      | Found a transporter.
  5031 | D:5      | Noticed shayaa's ghost (amateur BaFi)
  5061 | D:5      | Noticed Sigmund
  5071 | D:5      | Killed Sigmund
  5155 | D:5      | Found a transporter.
  5159 | D:5      | Identified the +7 trident of Athritir {chaos, rC++ rN++
                  | Will-}
  5159 | D:5      | Identified the +0 ring mail of the Gate {Rampage rF+ Str-4}
  5314 | D:5      | Succumbed to a gnoll's poison

Illustrated notes

Levels and vault maps discovered:
D:1:      dpeg_arrival_rooms_a, layout_rooms, serial_co_window_serial,
          co_window_paths_a, co_window_paths_b, co_window_corner_a,
          co_window_of_opportunity_a, co_window_of_opportunity_a,
          co_window_of_opportunity_a, co_window_paths_b, co_window_paths_a,
          co_window_corner_a, co_window_of_opportunity_c,
          co_window_of_opportunity_b, co_window_broadway_b, co_window_sun,
          glass_columns_a, glass_columns_a, shapermc_ecumenical_altar_venn,
          chequers_avenue
D:2:      layout_loops_ring
D:3:      layout_basic, mainiacjoe_overflow_alcove_4, lightli_sewer_entry_pipes
D:4:      layout_cave_pods, nicolae_shop_dragon_depot
D:5:      layout_cave_pools, mainiacjoe_overflow_cross_hatched,
          gammafunk_ghost_gnarly_gnolls, uniq_sigmund, uniq_duvessa,
          uniq_prince_ribbit1

Skill      XL: |  1  2  3  4  5  6  7  8 |
---------------+-------------------------+-----
Fighting       | 4 5 |  5.6
Armour         | 4 5 6 |  6.6
Shields        | 4 5 |  5.0
Long Blades    | 3 4 5 6 7 |  7.7
Invocations    | 1 2 3 4 |  4.6
Dodging        | 1 2 3 |  3.0
Stealth        | 1 |  1.6

Action                     |  1- 3 |  4- 6 |  7- 9 || total
---------------------------+-------+-------+-------++-------
  Melee: Long sword        |   103 |   229 |    99 ||   431
         Headbutt          |    12 |    27 |    25 ||    64
 Invoke: Grow Ballistomyce |       |       |     1 ||     1
         Overgrow          |       |       |     1 ||     1
  Evoke: Wand              |       |     1 |       ||     1
    Use: Scroll            |       |     6 |       ||     6
         Potion            |       |     1 |     3 ||     4
   Stab: Distracted        |       |       |     1 ||     1
         Sleeping          |       |       |     1 ||     1
 Armour: Scale mail        |    43 |    92 |    79 ||   214
  Dodge: Dodged            |    40 |    95 |    70 ||   205
  Block: Buckler           |    17 |    48 |    18 ||    83
